 Dungeon Crawl Stone Soup version 0.23.2 (webtiles) character file.

Game seed: 3127566384902223962

113 Fang the Skirmisher (level 4, 0/43 HPs)
             Began as a Gargoyle Berserker on Apr 8, 2019.
             Was a Believer of Trog.
             Slain by a gnoll (2 damage)
             ... on level 2 of the Dungeon.
             The game lasted 00:01:24 (1851 turns).

Fang the Skirmisher (Gargoyle Berserker)            Turns: 1851, Time: 00:01:25

Health: 0/43       AC:  5    Str: 32    XL:     4   Next: 96%
Magic:  4/4        EV: 12    Int:  7    God:    Trog [**....]
Gold:   98         SH:  0    Dex:  9    Spells: 3/3 levels left

rFire    . . .     SeeInvis .   a - +0 hand axe
rCold    . . .     Gourm    .   (no shield)
rNeg     + . .     Faith    .   b - +0 animal skin
rPois    ∞         Spirit   .   (no helmet)
rElec    +         Reflect  .   (no cloak)
rCorr    .         Harm     .   (no gloves)
MR       .....                  (no boots)
Stlth    ..........             (no amulet)
HPRegen  0.14/turn              h - +5 ring of strength
MPRegen  0.09/turn              (no ring)

@: berserking (expiring), very quick
A: negative energy resistance 1, electricity resistance, unbreathing,
petrification resistance, rot immunity, AC +3
a: Berserk, Trog's Hand, Renounce Religion


You were on level 2 of the Dungeon.
You worshipped Trog.
Trog was pleased with you.
You were hungry.

You visited 1 branch of the dungeon, and saw 2 of its levels.

You collected 98 gold pieces.

Inventory:

Hand Weapons
 a - a +0 hand axe (weapon)
Armour
 b - a +0 animal skin (worn)
Jewellery
 h - a +5 ring of strength (left hand)
Scrolls
 e - a scroll of teleportation {unknown}
 f - 2 scrolls of remove curse {unknown}
 g - 2 scrolls of identify {unknown}
 i - a scroll of fog {unknown}
Comestibles
 c - 5 rations
 d - a chunk of flesh


   Skills:
 + Level 4.1 Fighting
 + Level 3.3 Axes
 + Level 3.2 Armour
 + Level 2.4 Dodging


You had 3 spell levels left.
You didn't know any spells.
Your spell library was empty.

Dungeon Overview and Level Annotations

Branches:
Dungeon (2/15)

Altars:


Innate Abilities, Weirdness & Mutations

You are resistant to torment.
Your stone body is resilient. (AC +3)
You are immune to poison.
You resist negative energy. (rN+)
You are resistant to electric shocks. (rElec)
You can survive without breathing.
You are immune to petrification.
You are immune to rotting.


Message History

The gnoll hits you from afar with a +0 spear!
* * * LOW HITPOINT WARNING * * *
You slash the gnoll!
You kill the gnoll!
Trog accepts your kill.
You hit the gnoll. The gnoll misses you. The gnoll barely misses you.
The gnoll closely misses you.
Found a stone staircase leading down.
You see here a +0 flail.
You feel a strong urge to attack something.
The gnoll hits you with a +0 spear.
* * * LOW HITPOINT WARNING * * *
You see here a +0 spear.
You closely miss the gnoll. You slash the gnoll! The gnoll closely misses you.
The gnoll hits you with a +0 spear.
* * * LOW HITPOINT WARNING * * *
You hit the gnoll.
The gnoll is moderately wounded.
You closely miss the gnoll. The gnoll hits you.
You die...

..### ##....### #.
..>.. .........
#.###.#.#############
....(.....[...... ..
#......#....#...####
+..........#.#..##..
#.........#._.#.##..
#..g....#..#.#...#..
#..@).......#....'..
#..g............##..
#........####...##..
######?..# #...##..
#...# #...##..
#...####...####
###...)...>#
#........# #........#


You could see 2 gnolls.

Vanquished Creatures
  Natasha (D:2)
  An adder (D:2)
  2 gnolls (D:2)
  4 worms (D:2)
  A dart slug (D:1)
  A ball python (D:1)
  2 giant cockroaches
  6 goblins
  6 hobgoblins
  4 jackals (D:1)
  4 bats (D:1)
  5 frilled lizards
  6 kobolds
  3 rats
46 creatures vanquished.

Notes
Turn   | Place    | Note
-------+----------+-------------------------------------------
     0 | D:1      | Fang the Gargoyle Berserker began the quest for the Orb.
     0 | D:1      | Reached XP level 1. HP: 14/14 MP: 1/1
    71 | D:1      | Reached XP level 2. HP: 13/19 MP: 2/2
   657 | D:1      | Reached XP level 3. HP: 22/24 MP: 3/3
   663 | D:1      | Reached ** piety under Trog
  1256 | D:2      | Reached XP level 4. HP: 11/29 MP: 4/4
  1432 | D:2      | Noticed Natasha
  1440 | D:2      | Killed Natasha
  1440 | D:2      | Reached skill level 4 in Fighting
  1662 | D:2      | Found a faded altar of an unknown god.
  1850 | D:2      | HP: 2/43 [gnoll/+0 spear (1)]
  1851 | D:2      | Slain by a gnoll

Skill      XL: |  1  2  3  4 |
---------------+-------------+-----
Axes           | 3 |  3.3
Dodging        | 2 |  2.4
Fighting       | 4 |  4.1
Armour         | 3 |  3.2

Action                   |  1- 3 |  4- 6 || total
-------------------------+-------+-------++-------
Melee: Hand axe          |   151 |    32 ||   183
Invok: Berserk           |     2 |     3 ||     5
       Trog's Hand       |       |     1 ||     1
  Eat: Chunk             |     2 |     6 ||     8
Armor: Animal skin       |    59 |    11 ||    70
Dodge: Dodged            |   126 |    25 ||   151
